Map: Ulrena

Players

Troydes - Winner!

  • Race: Zerg Zerg
  • League: Gold

Fabio

  • Race: Zerg Zerg
  • League: Gold

VOD

Have the link to the VOD?

Description

Time

  • Played on: Jan. 17, 2016, 3:32 p.m.
  • Length: 9:31
Show
View Real Time Build Order
Export as new Build Order

Troydes Zerg - Winner!

Build Orders: Hatch First 

Get SALT Encoding   

  12  0:01  Drone  
  13  0:08  Drone  
  14  0:17  Overlord  
  14  0:36  Drone x3  
  17  0:56  Drone  
  18  0:57  Hatchery  
  18  1:00  Drone  
  18  1:04  Extractor  
  17  1:16  Spawning Pool  
  16  1:19  Drone  
  16  1:22  Drone  
  18  1:31  Drone  
  19  2:03  Zergling x6  
  22  2:11  Drone  
  22  2:15  Queen  
  23  2:17  Queen  
  23  2:18  Overlord  
  23  2:21  Metabolic Boost  
  27  2:26  Drone  
  28  2:32  Overlord  
  28  2:36  Zergling x2  
  29  2:44  Zergling x2  
  28  2:54  Zergling x2  
  29  3:02  Roach Warren  
  29  3:05  Zergling x6  
  31  3:07  Zergling x2  
  31  3:10  Spine Crawler  
  28  3:23  Zergling x2  
  26  3:31  Zergling x10  
  29  3:41  Zergling x2  
  29  3:44  Zergling x2  
  29  3:45  Zergling x8  
  32  3:53  Queen  
  32  3:55  Zergling x2  
  35  3:58  Drone  
  36  4:11  Drone  
  36  4:13  Drone  
  36  4:16  Roach x2  
  42  4:24  Lair  
  42  4:26  Drone  
  43  4:34  Drone  
  43  4:36  Overlord  
  44  4:48  Overlord  
  44  4:57  Queen  
  46  5:05  Roach  
  50  5:07  Roach x3  
  50  5:10  Roach  
  50  5:12  Drone  
  58  5:14  Drone  
  58  5:15  Drone  
  58  5:20  Extractor  
  58  5:29  Burrow  
  58  5:35  Evolution Chamber  
  57  5:36  Evolution Chamber  
  57  5:37  Drone x2  
  57  5:42  Extractor  
  57  5:46  Drone  
  57  5:47  Drone x2  
  60  5:51  Overlord  
  60  6:14  Overlord x2  
  60  6:16  Roach x4  
  68  6:22  Overlord  
  68  6:28  Zerg Missile Weapons Level 1  
  68  6:33  Glial Reconstitution  
  68  6:34  Roach  
  68  6:37  Extractor  
  68  6:38  Drone x2  
  71  6:45  Roach x2  
  75  6:50  Roach  
  77  6:57  Zerg Ground Armor Level 1  
  77  7:01  Drone  
  77  7:04  Overlord  
  78  7:13  Drone x3  
  81  7:18  Drone x2  
  81  7:21  Drone  
  84  7:25  Drone  
  85  7:41  Roach x3  
  91  7:45  Overlord  
  91  7:46  Overlord  
  91  7:49  Overlord  
  91  8:04  Roach  
  91  8:05  Roach x2  
  97  8:06  Roach  
  97  8:07  Roach  
  97  8:11  Roach  
  103  8:13  Overlord  
  103  8:18  Overlord  
  92  8:45  Roach x2  
  92  8:46  Roach x6  
  92  8:47  Roach  
  105  8:52  Roach  
  105  8:53  Roach  
  97  9:05  Roach x3  
  97  9:09  Roach  
Show
View Real Time Build Order
Export as new Build Order

Fabio Zerg 

Build Orders: Pool First 

Get SALT Encoding   

  12  0:01  Drone  
  13  0:09  Drone  
  14  0:17  Overlord  
  14  0:34  Spawning Pool  
  13  0:43  Drone  
  13  0:44  Drone  
  13  0:47  Extractor  
  13  0:49  Extractor  
  13  0:50  Drone  
  14  1:12  Drone  
  14  1:13  Drone  
  16  1:23  Queen  
  18  1:38  Zergling x2  
  18  1:39  Zergling x4  
  21  1:42  Metabolic Boost  
  21  2:06  Drone  
  22  2:08  Overlord  
  22  2:30  Zergling x2  
  22  2:31  Zergling x2  
  22  2:33  Zergling x4  
  22  2:34  Zergling x2  
  25  2:53  Zergling x2  
  25  3:07  Zergling x8  
  27  3:29  Zergling x4  
  26  3:50  Hatchery  
  24  3:58  Zergling x2  
  24  3:59  Zergling x4  
  28  4:10  Drone, Roach Warren  
  27  4:37  Overlord x2  
  27  4:43  Drone x2  
  27  4:44  Drone  
  30  4:52  Evolution Chamber  
  30  4:55  Evolution Chamber  
  30  4:57  Lair  
  28  5:05  Drone x3  
  31  5:25  Roach x3  
  37  5:28  Queen  
  39  5:36  Zerg Missile Weapons Level 1  
  39  5:37  Zerg Ground Armor Level 1  
  39  5:43  Drone x3  
  42  5:58  Drone x2  
  42  6:01  Overlord  
  42  6:02  Overlord  
  44  6:21  Glial Reconstitution  
  44  6:24  Roach x2  
  44  6:25  Roach x2  
  52  6:37  Drone x3  
  55  6:57  Drone  
  55  6:58  Drone x3  
  59  7:15  Burrow  
  59  7:18  Drone  
  59  7:20  Overlord  
  59  7:21  Overlord  
  60  7:24  Hatchery  
  60  7:27  Extractor  
  60  7:29  Extractor  
  57  7:43  Drone x3  
  57  7:44  Drone x2  
  62  7:47  Roach x2  
  62  7:48  Overlord  
  66  8:03  Hydralisk Den  
  65  8:13  Overseer  
  69  8:20  Roach x3  
  69  8:21  Drone x3  
  74  8:29  Pneumatized Carapace  
  74  8:40  Roach x2  
  74  8:41  Roach x4  
  67  8:56  Roach x3  
  67  9:04  Roach x2  
Tags
 
Add a new tag
Caveats
  • Supply blocks, unpowered buildings, or Contaminate may cause inaccurate times.
  • Supply counts are checked every 10 seconds.